 Dungeon Crawl Stone Soup version 0.32-a0-136-gc02482bde3 (webtiles) character file.

Game seed: 7210156433196298222

363 Strat the Cudgeller (level 6, -2/66 HPs)
             Began as an Oni Warper on Feb 10, 2024.
             Slain by Duvessa
             ... wielding a +1 rapier of holy wrath
              (12 damage)
             ... on level 4 of the Dungeon.
             The game lasted 00:11:21 (4957 turns).

Strat the Cudgeller (Oni Warper)                    Turns: 4957, Time: 00:11:22

Health: -2/66      AC:  4    Str: 18    XL:     6   Next: 67%
Magic:  7/11       EV:  9    Int: 14    God:
Gold:   165        SH:  0    Dex:  8    Spells: 6/12 levels left

rFire   . . .        a - +0 flail
rCold   . . .        (no shield)
rNeg    . . .        b - +1 robe
rPois   .            (helmet restricted)
rElec   .            (no cloak)
rCorr   .            (gloves unavailable)
SInv    .            (boots unavailable)
Will    +....        (no amulet)
Stlth   +            k - ring of willpower
HPRegen 0.31/turn    (no ring)
MPRegen 0.12/turn

%: no passive effects
@: mighty, on blink cooldown
A: large, unfitting armour, horns 1, tough skin 1, double potion healing,
drunken brawling
a: no special abilities


You were on level 4 of the Dungeon.
You visited 1 branch of the dungeon, and saw 5 of its levels.

You collected 245 gold pieces.
You spent 80 gold pieces at shops.

Inventory:

Hand Weapons
 a - a +0 flail (weapon)
Missiles
 d - 7 darts of dispersal
 e - 55 stones
 f - 4 poisoned darts (quivered)
 l - 4 boomerangs
 o - a throwing net
Armour
 b - a +1 robe (worn)
Jewellery
 k - a ring of willpower (left hand)
 s - an amulet of guardian spirit
Wands
 c - a wand of flame (23)
Scrolls
 h - a scroll of revelation
 i - a scroll of enchant armour
Potions
 g - a potion of curing
 j - a potion of might
 m - a potion of brilliance
 n - a potion of mutation {unknown}
 r - a potion of haste {unknown}
 t - a potion of resistance {unknown}


   Skills:
 + Level 5.2 Fighting
 * Level 5.3 Maces & Flails
 - Level 1.0 Throwing
 - Level 2.1 Dodging
 + Level 3.7 Spellcasting
 - Level 2.6 Translocations


You had 6 spell levels left.
You knew the following spells:

 Your Spells              Type           Power      Damage    Failure   Level
a - Blink                 Tloc           20%        N/A       10%         2
b - Lesser Beckoning      Tloc           20%        N/A       10%         2
c - Call Imp              Summ           4%         N/A       30%         2

Your spell library contained the following spells:

 Spells                   Type           Power      Damage    Failure   Level
 Magic Dart               Conj           8%         1d3       21%         1
 Slow                     Hex            8%         N/A       21%         1
 Teleport Other           Tloc           10%        N/A       21%         3
 Confusing Touch          Hex            2%         N/A       52%         3
 Sigil of Binding         Hex            2%         N/A       52%         3
 Vampiric Draining        Necr           2%         2d6       52%         3
 Manifold Assault         Tloc           10%        N/A       54%         4
 Vhi's Electric Charge    Tloc/Air       12%        N/A       75%         4
 Conjure Ball Lightning   Conj/Air       1%         3x3d6     100%        6
 Discord                  Hex            1%         N/A       100%        8
 Disjunction              Tloc           5%         N/A       100%        8
 Chain Lightning          Conj/Air       1%         3d1       100%        9
 Fire Storm               Conj/Fire      1%         7d1       100%        9
 Shatter                  Erth           1%         3d5*      100%        9


Dungeon Overview and Level Annotations

Branches:
Dungeon (5/15)
 Temple: D:4-7

Altars:
Dithmenos
Wu Jian
Xom

Shops:
D:2 !

Annotations:
D:4 Duvessa


Innate Abilities, Weirdness & Mutations

You are too large for most types of armour.
You have a pair of small horns on your head.
You have tough skin. (AC +1)
You gain doubled healing and magic from potions.
Whenever you drink a healing potion, you attack all around you.


Message History

Duvessa hits your cerulean imp with a +1 rapier of holy wrath!
Your cerulean imp dies!
Your cerulean imp disappears in a puff of smoke!
You barely miss Duvessa.
Duvessa is moderately wounded.
Duvessa hits you with a +1 rapier of holy wrath!
* * * LOW HITPOINT WARNING * * *
You take a swig of the potion and twirl your +0 flail.
You hit Duvessa.
Duvessa is moderately wounded.
You savour every drop.
You feel better.
Duvessa hits you with a +1 rapier of holy wrath.
* * * LOW HITPOINT WARNING * * *
Duvessa hits you with a +1 rapier of holy wrath!
* * * LOW HITPOINT WARNING * * *
You take a swig of the potion and twirl your +0 flail.
You hit Duvessa.
Duvessa is moderately wounded.
You savour every drop.
You feel better.
Duvessa hits you with a +1 rapier of holy wrath.
* * * LOW HITPOINT WARNING * * *
Duvessa barely misses you.
You feel ready to blink again.
Duvessa hits you with a +1 rapier of holy wrath!
* * * LOW HITPOINT WARNING * * *
Duvessa closely misses you.
Duvessa hits you with a +1 rapier of holy wrath!
* * * LOW HITPOINT WARNING * * *
Casting: Blink (safe; 10% risk of failure)
Confirm with . or Enter, or press ? or * to list all spells.
You don't know that spell.
Casting: Blink (safe; 10% risk of failure)
Confirm with . or Enter, or press ? or * to list all spells.
You blink.
Casting: Blink (safe; 10% risk of failure)
Confirm with . or Enter, or press ? or * to list all spells.
You don't know that spell.
Duvessa barely misses you. Duvessa misses you.
Duvessa hits you with a +1 rapier of holy wrath!
You die...

..#....................,,,*
..#....................,,,*
..#....................,,,*
..'....................,,,*
..#.......#####....####****
###.<.....#...'....#
...รท.)....#...#....#
..........#...############
.)........#...'.@.##.....#
..........#...##e..#.....#
...<......######...#.....#
..........'....#...#.....#
..........#....#..###)#####
..........##'######.......#
..........................#
..........................#
...#######................#


You could see Duvessa (berserk).

Vanquished Creatures
  Dowan (D:4)
  A bombardier beetle (D:5)
  A hound (D:4)
  An iguana (D:4)
  2 orc wizards (D:5)
  4 gnolls
  4 adders
  6 dart slugs
  A ribbon worm (D:3)
  6 orcs (D:5)
  8 ball pythons
  8 bats
  7 endoplasms
  4 giant cockroaches
  6 goblins
  10 hobgoblins
  10 kobolds
  4 quokkas
  3 frilled lizards
  2 rats
89 creatures vanquished.

Notes
Turn   | Place    | Note
-------+----------+-------------------------------------------
     0 | D:1      | Strat the Oni Warper began the quest for the Orb.
     0 | D:1      | Reached XP level 1. HP: 22/22 MP: 3/3
   124 | D:1      | Reached XP level 2. HP: 30/31 MP: 5/5
   176 | D:1      | Learned a level 2 spell: Blink
   179 | D:1      | Learned a level 2 spell: Lesser Beckoning
   715 | D:1      | Reached XP level 3. HP: 32/37 MP: 6/6
  1883 | D:2      | Reached XP level 4. HP: 48/48 MP: 7/7
  1929 | D:2      | Found Ataklulut's Distillery.
  2159 | D:2      | Learned a level 2 spell: Call Imp
  2291 | D:2      | Bought a potion of curing for 30 gold pieces
  2291 | D:2      | Bought a potion of heal wounds for 50 gold pieces
  2458 | D:3      | Found a shimmering altar of Xom.
  2458 | D:3      | Found an ornate altar of the Wu Jian Council.
  2517 | D:3      | Found a faded altar of an unknown god.
  2981 | D:3      | Found a shadowy altar of Dithmenos.
  3115 | D:4      | Reached XP level 5. HP: 37/54 MP: 7/9
  3331 | D:4      | Noticed Duvessa
  3331 | D:4      | Noticed Dowan
  4020 | D:4      | Killed Dowan
  4103 | D:5      | Entered Level 5 of the Dungeon
  4179 | D:5      | Reached XP level 6. HP: 49/65 MP: 10/10
  4344 | D:5      | Reached skill level 5 in Fighting
  4344 | D:5      | Reached skill level 5 in Maces & Flails
  4957 | D:4      | Slain by Duvessa

Illustrated notes

Levels and vault maps discovered:
D:1:      lightli_iron_boxes, layout_basic, minmay_misc_feat_room,
          nrook_loot_triangle, nicolae_concentric_dashed_squares_wild,
          serial_bayou_ford_a, hangedman_abyss_or_decor_lesser_grid,
          minmay_3d_cube
D:2:      layout_basic, serial_shops, shop, kennysheep_generic_room_14
D:3:      layout_basic, mainiacjoe_overflow_alcove_2,
          gammafunk_temple_overflow_wave, hellmonk_ecumenical_altar_lost_god
D:4:      dreamdust_elfheim, layout_gridville
D:5:      layout_loops_corners, temple_doors_e

Skill      XL: |  1  2  3  4  5  6 |
---------------+-------------------+-----
Fighting       | 3 4 5 |  5.2
Maces & Flails | 3 4 5 |  5.3
Spellcasting   | 3 |  3.7
Throwing       | |  1.0
Dodging        | |  2.1
Translocations | |  2.6

Action                     |  1- 3 |  4- 6 || total
---------------------------+-------+-------++-------
  Melee: Mace              |   114 |    24 ||   138
         Headbutt          |    26 |    21 ||    47
         Flail             |       |   136 ||   136
         Punch             |       |     4 ||     4
  Throw: Stone             |       |     6 ||     6
         Dart              |       |     9 ||     9
   Cast: Blink             |       |     2 ||     2
         Call Imp          |       |     1 ||     1
    Use: Scroll            |       |     9 ||     9
         Potion            |       |     4 ||     4
 Armour: Robe              |    96 |   139 ||   235
  Dodge: Dodged            |    49 |    98 ||   147

Table legend: (Time is in decaauts)
 A = Elapsed time spent in this place.
 B = Non-inter-level travel time spent in this place.
 C = Inter-level travel time spent in this place.
 D = Time resting spent in this place.
 E = Time spent auto-exploring this place.
 F = Levels seen in this place.
 G = Mean time per level.
                   A        B        C        D        E       F      G
               +--------+--------+--------+--------+--------+-----+--------+
         Total |   5020 |   4814 |    206 |    896 |   2491 |   5 | 1004.0 |
       Dungeon |   5020 |   4814 |    206 |    896 |   2491 |   5 | 1004.0 |
               +--------+--------+--------+--------+--------+-----+--------+

Top non-repeatable levels by time:
     D:1: 1394 daAuts
     D:4: 1095 daAuts
     D:2: 1008 daAuts
     D:3: 918 daAuts
     D:5: 603 daAuts
